[Event "Team 45 45 League T92"]
[Site "Internet Chess Club"]
[Date "2022.04.23"]
[Round "1"]
[White "jonesey"]
[Black "Portola"]
[Result "1-0"]
[WhiteElo "1896"]
[BlackElo "1644"]
[Opening "French: Rubinstein variation"]
[ECO "C10"]
[Time "16:00:24"]
[PlyCount "111"]
[TimeControl "2700+45"]

1. e4 e6 2. d4 d5 3. Nc3 dxe4 4. Nxe4 Be7 5. Nf3 Nd7 6. Bd3 Ngf6 7. Qe2 O-O 8.
O-O c5 9. dxc5 Nxc5 10. Nxc5 Bxc5 11. Bg5 Qe7 12. Rad1 Rd8 13. Ne5 Bd4 14. c3
Bxe5 15. Qxe5 Bd7 16. Qc7 Qe8 17. Bxf6 gxf6 18. Qg3+ Kh8 19. Qh4 Qg8 20. Qxf6+
Qg7 21. Qh4 Bc6 22. Be4 Rg8 23. Rd3 Bxe4 24. Qxe4 f5 25. Qf3 e5 26. Qh3 Qg5 27.
Rfd1 Rg7 28. Rg3 Qf6 29. Rxg7 Qxg7 30. Qxf5 Rf8 31. Qe6 Qg5 32. g3 h5 33. h4 Qf5
34. Qxf5 Rxf5 35. Rd7 e4 36. Re7 Rb5 37. b3 Kg8 38. Kf1 Kf8 39. Rxe4 Kf7 40. Ke2
Rd5 41. c4 Rd6 42. Re5 Ra6 43. a4 Rh6 44. Rc5 Ke8 45. a5 Kd7 46. f4 a6 47. Kf3
Kd6 48. Rd5+ Kc6 49. f5 Rf6 50. Kf4 b5 51. axb6 Kxb6 52. b4 Rc6 53. Rd6 Rxd6 54.
c5+ Kc6 55. cxd6 Kxd6 56. Kg5 {Black resigns} 1-0

[Event "Team 45 45 League T92"]
[Site "Internet Chess Club"]
[Date "2022.04.15"]
[Round "1"]
[White "rubo"]
[Black "ghowell"]
[Result "0-1"]
[WhiteElo "1491"]
[BlackElo "1532"]
[Opening "Queen's pawn, Mason variation"]
[ECO "D00"]
[Time "16:00:42"]
[PlyCount "60"]
[TimeControl "2700+45"]

1. d4 d5 2. Bf4 Nf6 3. e3 e6 4. Nd2 c5 5. c3 Nc6 6. Bd3 c4 7. Bc2 b5 8. Ngf3 Be7
9. Bg3 O-O 10. Ne5 Nxe5 11. dxe5 Nd7 12. h4 b4 13. Bxh7+ Kxh7 14. Qh5+ Kg8 15.
Nf3 f6 16. Ng5 fxg5 17. hxg5 Bxg5 18. Qg6 Rf7 19. Qh7+ Kf8 20. Rh5 bxc3 21. bxc3
Qa5 22. Kd2 Nc5 23. Rc1 Ne4+ 24. Ke2 Qxa2+ 25. Kf1 Nxg3+ 26. Kg1 Qxf2+ 27. Kh2
Nxh5 28. Qxh5 Qh4+ 29. Qxh4 Bxh4 30. Rc2 Rf2 {White resigns} 0-1

[Event "Team 45 45 League T92"]
[Site "Internet Chess Club"]
[Date "2022.04.15"]
[Round "1"]
[White "natalieH"]
[Black "nosir"]
[Result "0-1"]
[WhiteElo "1118"]
[BlackElo "1338"]
[Opening "Bird's opening"]
[ECO "A02"]
[Time "14:57:38"]
[PlyCount "76"]
[TimeControl "2700+45"]

1. f4 Nf6 2. Nf3 d5 3. d4 Bf5 4. e3 Nbd7 5. Be2 c5 6. O-O e6 7. Nbd2 Be7 8. b3
O-O 9. Bb2 Ng4 10. Ne5 Nxe3 11. Qc1 Nxf1 12. Bxf1 cxd4 13. Bxd4 Bc5 14. Ndf3
Nxe5 15. fxe5 Bxd4+ 16. Nxd4 Be4 17. Qf4 Rc8 18. Rc1 Qb6 19. c3 Rc7 20. Kh1 Rfc8
21. Nb5 Rd7 22. Nd6 Rcd8 23. Bb5 Rxd6 24. exd6 Qxb5 25. c4 Qc5 26. cxd5 Qxd5 27.
Rg1 Rxd6 28. Qf2 a5 29. Qa7 e5 30. h3 h6 31. Rc1 Bxg2+ 32. Kh2 Be4 33. Rc8+ Kh7
34. Qf2 Qd2 35. Qxd2 Rxd2+ 36. Kg3 Rg2+ 37. Kh4 g5+ 38. Kh5 Bf3# {White
checkmated} 0-1

[Event "Team 45 45 League T92"]
[Site "Internet Chess Club"]
[Date "2022.04.18"]
[Round "1"]
[White "g8wrb"]
[Black "keithuws"]
[Result "0-1"]
[WhiteElo "1289"]
[BlackElo "1184"]
[Opening "Ponziani: Jaenisch counter-attack"]
[ECO "C44"]
[Time "07:01:51"]
[PlyCount "58"]
[TimeControl "2700+45"]

1. e4 e5 2. Nf3 Nc6 3. c3 Nf6 4. Bb5 a6 5. Qa4 Be7 6. O-O O-O 7. Re1 d6 8. Bxc6
bxc6 9. Qxc6 Rb8 10. d3 Bd7 11. Qxa6 Bb5 12. Qa5 Bxd3 13. Nbd2 Ra8 14. Qb4 d5
15. Qb3 Qd6 16. exd5 e4 17. Nd4 Ng4 18. g3 Qh6 19. h4 e3 20. fxe3 Bxh4 21. Kg2
Bxg3 22. Kxg3 Qh2+ 23. Kxg4 f5+ 24. Kf3 f4 25. Nf1 Qh3+ 26. Kf2 fxe3+ 27. Kg1
Qg4+ 28. Kh1 Be4+ 29. Kh2 Qg2# {White checkmated} 0-1

[Event "Team 45 45 League T92"]
[Site "Internet Chess Club"]
[Date "2022.04.15"]
[Round "1"]
[White "seattleblues"]
[Black "julesraider"]
[Result "0-1"]
[WhiteElo "1267"]
[BlackElo "1594"]
[Opening "King's Indian, 3.Nf3"]
[ECO "E60"]
[Time "21:04:41"]
[PlyCount "98"]
[TimeControl "2700+45"]

1. d4 Nf6 2. Nf3 g6 3. c4 Bg7 4. Bf4 O-O 5. e3 d6 6. Be2 c6 7. O-O Nbd7 8. h3
Re8 9. Nc3 e5 10. dxe5 dxe5 11. Bh2 h6 12. Qc2 Qe7 13. Rad1 Rd8 14. b3 b6 15.
Ne4 Nxe4 16. Qxe4 Bb7 17. Qc2 a5 18. Bg3 Bf6 19. Nd2 Nc5 20. Bf3 Bg7 21. Ne4
Nxe4 22. Bxe4 f5 23. Bf3 Rac8 24. Rd2 Rxd2 25. Qxd2 Rd8 26. Qc2 Qe6 27. Rd1 Qe7
28. Rxd8+ Qxd8 29. Qd1 Qe7 30. Qd2 Kf7 31. Be2 c5 32. Qd1 Bc6 33. Bf3 Bxf3 34.
Qxf3 Qd7 35. e4 f4 36. Bh2 Qd2 37. g3 Qe1+ 38. Kg2 g5 39. gxf4 gxf4 40. Bxf4
exf4 41. Qxf4+ Bf6 42. e5 Qxe5 43. Qxe5 Bxe5 44. Kf3 Bd4 45. Ke2 Kf6 46. f3 Kf5
47. Kf1 Kf4 48. Kg2 h5 49. h4 Bf6 {White resigns} 0-1

[Event "Team 45 45 League T92"]
[Site "Internet Chess Club"]
[Date "2022.04.13"]
[Round "1"]
[White "Balderdash"]
[Black "kabubi"]
[Result "0-1"]
[WhiteElo "1222"]
[BlackElo "1177"]
[Opening "Scotch gambit: Dubois-Réti defense"]
[ECO "C55"]
[Time "18:00:36"]
[PlyCount "86"]
[TimeControl "2700+45"]

1. e4 e5 2. Nf3 Nc6 3. Bc4 Nf6 4. d4 exd4 5. Nxd4 Nxe4 6. Qf3 Nf6 7. Bg5 Nxd4 8.
Qd3 Qe7+ 9. Be3 Qb4+ 10. Nc3 Nxc2+ 11. Qxc2 Qxc4 12. b3 Qe6 13. O-O Bb4 14. Rae1
O-O 15. Bd4 Qg4 16. Bxf6 gxf6 17. Re4 Qf5 18. Rfe1 Bxc3 19. Qxc3 d5 20. Qg3+ Qg6
21. R4e3 Qxg3 22. Rxg3+ Kh8 23. Rd1 c6 24. Rd4 Rg8 25. Rxg8+ Kxg8 26. Rf4 Kg7
27. h4 h5 28. f3 f5 29. a4 Be6 30. b4 Rd8 31. Rd4 b6 32. f4 c5 33. Rd3 cxb4 34.
Rg3+ Kf8 35. Rg5 b3 36. Rg3 d4 37. Kf1 b2 38. Kg1 b1=Q+ 39. Kh2 d3 40. Rg5 d2
41. Rxh5 d1=Q 42. Rh8+ Ke7 43. Rg8 Rxg8 {White resigns} 0-1

[Event "Team 45 45 League T92"]
[Site "Internet Chess Club"]
[Date "2022.04.16"]
[Round "1"]
[White "WzeroMN"]
[Black "oldbookseller"]
[Result "0-1"]
[WhiteElo "1008"]
[BlackElo "1062"]
[Opening "Philidor's defense"]
[ECO "C41"]
[Time "13:00:29"]
[PlyCount "64"]
[TimeControl "2700+45"]

1. e4 e5 2. Nf3 d6 3. Bb5+ c6 4. Ba4 Nf6 5. d3 g6 6. O-O Bg7 7. Nc3 O-O 8. b4 b5
9. Bb3 Bd7 10. Bb2 c5 11. a3 Bc6 12. Ne2 c4 13. Ba2 d5 14. Bxe5 Nbd7 15. Bd6 Re8
16. Bg3 dxe4 17. Nfd4 Bd5 18. Nf4 Bh6 19. Nxd5 Nxd5 20. Nxb5 e3 21. Nd4 exf2+
22. Bxf2 Ne3 23. Bxe3 Bxe3+ 24. Kh1 Bxd4 25. Bxc4 Ne5 26. Rb1 Qc7 27. Bb3 h5 28.
Rf4 Be3 29. Re4 Re7 30. Rxe3 Ng4 31. Bxf7+ Rxf7 32. Kg1 Qxh2# {White checkmated}
0-1

[Event "Team 45 45 League T92"]
[Site "Internet Chess Club"]
[Date "2022.04.17"]
[Round "1"]
[White "marioseixas1992"]
[Black "Denis240964"]
[Result "1/2-1/2"]
[WhiteElo "1514"]
[BlackElo "1360"]
[Opening "KGD: classical variation"]
[ECO "C30"]
[Time "13:27:16"]
[PlyCount "83"]
[TimeControl "2700+45"]

1. e4 e5 2. f4 Bc5 3. Nf3 d6 4. Bc4 Nc6 5. f5 Nf6 6. Nc3 O-O 7. a3 Ng4 8. b4 Nf2
9. Qe2 Nxh1 10. bxc5 Nd4 11. Nxd4 exd4 12. Nd5 Bxf5 13. exf5 Re8 14. Ne3 dxe3
15. dxe3 Qf6 16. Rb1 Qxf5 17. cxd6 cxd6 18. Rxb7 Rf8 19. Bb2 Qe4 20. Rb5 Rfe8
21. Bd4 Rad8 22. Bd3 Qh4+ 23. g3 Nxg3 24. hxg3 Qxg3+ 25. Kd2 Rd7 26. Rh5 h6 27.
Bb5 Rde7 28. Bxe8 Rxe8 29. Bxa7 Qg6 30. Rb5 Rc8 31. e4 Qg3 32. Rb3 Qe5 33. Qd3
Qa5+ 34. Rc3 Rxc3 35. Qxc3 Qxa7 36. Qc8+ Kh7 37. Qf5+ Kg8 38. Qc8+ Kh7 39. Qf5+
Kg8 40. Qc8+ Kh7 41. Qf5+ Kg8 42. Qc8+ {Game drawn by repetition} 1/2-1/2

[Event "Team 45 45 League T92"]
[Site "Internet Chess Club"]
[Date "2022.04.17"]
[Round "1"]
[White "Megasus"]
[Black "sdcohle"]
[Result "1-0"]
[WhiteElo "1568"]
[BlackElo "1308"]
[Opening "Queen's pawn game"]
[ECO "D05"]
[Time "17:02:52"]
[PlyCount "65"]
[TimeControl "2700+45"]

1. Nf3 Nf6 2. d4 d5 3. e3 e6 4. a3 b6 5. Nbd2 Ba6 6. c4 dxc4 7. Nxc4 Qd5 8. Qc2
Bb7 9. Nce5 c6 10. Ng5 Be7 11. Ngxf7 Rf8 12. Ng5 g6 13. Rg1 c5 14. Bc4 Qd6 15.
Nxg6 Rg8 16. Bxe6 Rxg6 17. Bf7+ Kd8 18. Bxg6 Qxh2 19. Kf1 hxg6 20. Qxg6 Ba6+ 21.
Ke1 Qxg1+ 22. Kd2 Qxf2+ 23. Kc3 cxd4+ 24. exd4 Nd5+ 25. Kb3 Qxd4 26. Ne6+ Kd7
27. Nxd4 Nc6 28. Qxc6+ Kd8 29. Qxd5+ Kc7 30. Qxa8 Bb7 31. Bf4+ Bd6 32. Bxd6+
Kxd6 33. Qxb7 {Black resigns} 1-0

[Event "Team 45 45 League T92"]
[Site "Internet Chess Club"]
[Date "2022.04.18"]
[Round "1"]
[White "dwmt"]
[Black "gregorgg"]
[Result "0-1"]
[WhiteElo "1180"]
[BlackElo "1367"]
[Opening "Sicilian defense"]
[ECO "B30"]
[Time "15:32:37"]
[PlyCount "152"]
[TimeControl "2700+45"]

1. e4 c5 2. Nf3 Nc6 3. Bc4 e6 4. O-O d5 5. exd5 exd5 6. Be2 Nf6 7. d3 Be7 8.
Nbd2 O-O 9. b3 d4 10. Bb2 Re8 11. h3 b5 12. c4 dxc3 13. Bxc3 Bf5 14. Qc2 Nd5 15.
Rad1 Nxc3 16. Qxc3 Qd5 17. Nb1 Bf6 18. Qd2 Rad8 19. Rfe1 a6 20. Bf1 Rxe1 21.
Nxe1 Nd4 22. Nc3 Qc6 23. g4 Bg6 24. Bg2 Qd6 25. Ne4 Bxe4 26. Bxe4 Be5 27. Kg2
Bf4 28. Qa5 Qf6 29. Nf3 Ne6 30. Qxa6 Bb8 31. Kf1 Qh6 32. h4 Qf6 33. g5 Qf4 34.
Qxb5 Qd6 35. Qc6 Qe7 36. Qb7 Nc7 37. Re1 Qd6 38. Qc6 Qxc6 39. Bxc6 Rxd3 40. Be4
Rc3 41. Re2 Ne6 42. Rc2 Rxc2 43. Bxc2 f6 44. gxf6 gxf6 45. Bf5 Nf4 46. Nd2 Ng6
47. Nf3 Kg7 48. Kg2 Kh6 49. Bg4 Nf4+ 50. Kf1 Kg6 51. Bd7 Kh5 52. Bf5 Ng6 53.
Bxg6+ hxg6 54. Kg2 Kg4 55. a3 Bd6 56. a4 Bc7 57. Nd2 Kxh4 58. Ne4 f5 59. Nxc5
Kg4 60. Ne6 Ba5 61. f3+ Kh4 62. f4 Kg4 63. Nf8 Kxf4 64. Nxg6+ Ke4 65. Ne7 f4 66.
Nc6 Bd2 67. a5 Kd5 68. b4 Kxc6 69. b5+ Kxb5 70. Kf3 Kxa5 71. Ke2 Be3 72. Kf3 Kb4
73. Ke2 Kc3 74. Kf3 Kd3 75. Kg2 Ke2 76. Kh2 f3 {White resigns} 0-1

[Event "Team 45 45 League T92"]
[Site "Internet Chess Club"]
[Date "2022.04.17"]
[Round "1"]
[White "rhayder"]
[Black "arconia"]
[Result "0-1"]
[WhiteElo "955"]
[BlackElo "1140"]
[Opening "Sicilian defense"]
[ECO "B41"]
[Time "20:12:04"]
[PlyCount "50"]
[TimeControl "2700+45"]

1. e4 c5 2. Nf3 e6 3. d4 cxd4 4. Nxd4 d6 5. Bb5+ Bd7 6. O-O Bxb5 7. Nxb5 e5 8.
N1c3 Nf6 9. Re1 Nc6 10. Bg5 Be7 11. Bxf6 gxf6 12. Nd5 O-O 13. Nxe7+ Qxe7 14.
Qxd6 Qxd6 15. Nxd6 b6 16. Rad1 Kh8 17. Nf5 Rg8 18. Rd6 Nb4 19. Rxf6 Nxc2 20. Rc1
Nd4 21. Nxd4 exd4 22. Rd6 Rgd8 23. e5 d3 24. Rf6 d2 25. Rd1 Rac8 {White resigns}
0-1